 Dungeon Crawl Stone Soup version 0.24.0-13-gcf9b319 (webtiles) character file.

Game seed: 16502947725163524611, levelgen mode: deterministic

870 Bronimir the Grave Robber (level 7, -6/60 HPs)
             Began as a Deep Dwarf Necromancer on Mar 16, 2020.
             Was an Initiate of Ru.
             Mangled by Edmund
             ... wielding a +4 antimagic flail
              (10 damage)
             ... on level 6 of the Dungeon.
             The game lasted 00:20:15 (5178 turns).

Bronimir the Grave Robber (Deep Dwarf Necromancer)  Turns: 5178, Time: 00:20:15

Health: -6/60      AC:  6    Str: 12    XL:     7   Next: 73%
Magic:  0/21 (12)  EV: 13    Int: 17    God:    Ru [......]
Gold:   247        SH:  0    Dex: 13    Spells: 5/14 levels left

rFire    . . .     SeeInvis .   s - -2 mace (curse)
rCold    . . .     Gourm    .   (no shield)
rNeg     . . .     Faith    .   r - +0 leather armour
rPois    .         Spirit   .   (no helmet)
rElec    .         Reflect  .   (no cloak)
rCorr    .         Harm     .   y - +0 pair of gloves
MR       +....                  g - +1 pair of boots
Stlth    +.........             (no amulet)
HPRegen  0.00/turn              C - ring of magical power
MPRegen  0.17/turn              K - ring of attention (curse)

@: non-regenerating
A: damage resistance, heal wounds, sense surroundings 1, no regeneration
a: Heal Wounds, Renounce Religion


You were on level 6 of the Dungeon.
You worshipped Ru.
Ru was noncommittal.
You were hungry.

You visited 1 branch of the dungeon, and saw 6 of its levels.
You also visited: Ossuary.

You collected 247 gold pieces.

Inventory:

Hand Weapons
 b - a +3 hunting sling
 s - a cursed -2 mace (weapon)
 x - a +0 broad axe
 A - a +0 flail of holy wrath
Missiles
 e - 8 boomerangs (quivered)
 f - 30 bolts
 o - 25 sling bullets
 t - 223 stones
 v - 56 arrows
 H - 6 boomerangs of dispersal
 J - 32 poisoned darts
Armour
 a - a +0 robe
 g - a +1 pair of boots (worn)
 h - a scarf of cloud immunity
 k - a cursed +0 ring mail
 p - a +0 ring mail
 r - a +0 leather armour (worn)
 u - a +0 pair of gloves
 y - a +0 pair of gloves (worn)
Jewellery
 C - a ring of magical power (left hand)
 K - a cursed ring of attention (right hand)
Wands
 E - a wand of random effects (14)
 L - a wand of iceblast (3)
Scrolls
 i - 5 scrolls of identify
 w - 2 scrolls of teleportation
 G - a scroll of immolation
 I - a scroll of enchant armour
Potions
 d - 3 potions of invisibility
 l - 2 potions of heal wounds {unknown}
 m - 3 potions of might {unknown}
 n - a potion of degeneration {unknown}
 q - 3 potions of ambrosia {unknown}
 z - 2 potions of haste {unknown}
 B - a potion of berserk rage {unknown}
 F - a potion of brilliance {unknown}
Comestibles
 c - 8 rations


   Skills:
 + Level 2.0 Fighting
 + Level 2.0 Maces & Flails
 * Level 3.0 Armour
 + Level 3.4 Dodging
 - Level 2.4 Stealth
 + Level 4.1 Spellcasting
 * Level 7.3 Necromancy


You had 5 spell levels left.
You knew the following spells:

 Your Spells              Type           Power        Failure   Level  Hunger
a - Pain                  Necr           ####         1%          1    None
b - Animate Skeleton      Necr           N/A          1%          1    None
c - Vampiric Draining     Necr           ####......   3%          3    ###....
d - Animate Dead          Necr           N/A          10%         4    ####...

Your spell library contained the following spells:

 Spells                   Type           Power        Failure   Level  Hunger
 Confusing Touch          Hex            #.....       21%         1    None
 Confuse                  Hex            #.......     52%         3    ###....
 Gell's Gravitas          Tloc           #.........   52%         3    ###....
 Petrify                  Tmut/Erth      #.......     89%         4    ####...
 Metabolic Englaciation   Hex/Ice        #.........   99%         5    ######.
 Yara's Violent Unravell  Hex/Tmut       #.........   99%         5    ######.
 Regeneration             Chrm/Necr      Unusable     N/A         3    N/A

Dungeon Overview and Level Annotations

Branches:
Dungeon (6/15)            Ossuary (visited)
 Temple: D:4-7

Altars:
Ashenzari
Cheibriados
Elyvilon
Fedhas
Nemelex Xobeh
Ru
Uskayaw
Xom

Annotations:
D:6 Edmund, Grinder


Innate Abilities, Weirdness & Mutations

You are resistant to damage.
You can heal yourself by infusing magical energy.
You passively map a small area around you.
You do not regenerate.


Message History

Edmund barely misses you.
You barely miss Edmund.
Edmund is heavily wounded.
Edmund closely misses you.
You hit Edmund.
Edmund is heavily wounded.
Edmund hits you with a +4 antimagic flail!
* * * LOW HITPOINT WARNING * * *
You feel your power leaking away.
You hit Edmund but do no damage.
Edmund is heavily wounded.
Edmund hits you with a +4 antimagic flail.
Edmund completely misses you.
You hit Edmund but do no damage.
Edmund is heavily wounded.
Edmund misses you.
You hit Edmund.
Edmund is heavily wounded.
Edmund hits you with a +4 antimagic flail!
You die...

* ###. ,...c...
, .., , * , ...
, , , #... , ,
,, ##.... * .
#, #...... ,
#..#. ,..... .
*
#.....##..#..^.
, #..@......_ ,
#.@.#...... ,
#....#*..### *
##...., .#(.
##..., #(.,
#.... ## *
##... . #....
** *


You could see Edmund and 2 dancing weapons.

Vanquished Creatures
  2 ogres (D:4)
  A centaur (D:5)
  A bullfrog (D:5)
  2 scorpions (D:4)
  A howler monkey (D:5)
  2 bullfrog skeletons
  An iguana (D:5)
  3 worker ants
  A gnoll (D:5)
  8 adders
  A shadow imp (D:5)
  An ooze (D:1)
  2 adder skeletons
  3 worms
  2 dart slugs
  6 leopard geckos
  4 orcs
  3 ball pythons
  6 bats
  4 giant cockroaches
  6 goblins
  9 hobgoblins
  8 jackals
  6 kobolds
  A quokka (D:5)
  2 frilled lizards
  A kobold zombie (Ossuary)
  A leopard gecko skeleton (D:4)
  7 rats
95 creatures vanquished.

Vanquished Creatures (collateral kills)
  A crimson imp (D:5)
  An orc priest (D:4)
  Ijyb (D:4)
  A worker ant (D:4)
  2 quokkas (D:3)
6 creatures vanquished.

Vanquished Creatures (others)
  A plant (D:4)
1 creature vanquished.

Grand Total: 102 creatures vanquished

Notes
Turn   | Place    | Note
-------+----------+-------------------------------------------
     0 | D:1      | Bronimir the Deep Dwarf Necromancer began the quest for the
                  | Orb.
     0 | D:1      | Reached XP level 1. HP: 15/15 MP: 3/3
   200 | D:1      | Reached XP level 2. HP: 22/22 MP: 0/4
   247 | D:1      | Learned a level 1 spell: Animate Skeleton
   842 | D:2      | Found a shimmering altar of Xom.
   848 | D:2      | Reached skill level 5 in Necromancy
   848 | D:2      | Reached XP level 3. HP: 20/28 MP: 0/6
   931 | D:1      | Learned a level 3 spell: Vampiric Draining
   974 | D:2      | Reached skill level 1 in Armour
  1215 | D:2      | Found a snail-covered altar of Cheibriados.
  1529 | D:2      | Reached XP level 4. HP: 37/37 MP: 5/7
  2274 | D:3      | Reached skill level 1 in Maces & Flails
  2327 | D:3      | Found a blossoming altar of Fedhas.
  2453 | D:3      | Found a sparkling altar of Nemelex Xobeh.
  2663 | D:4      | Reached XP level 5. HP: 23/43 MP: 1/9
  2738 | D:4      | Learned a level 4 spell: Animate Dead
  2859 | D:4      | Noticed an ogre
  2899 | D:4      | Killed an ogre
  2899 | D:4      | Reached skill level 1 in Fighting
  2899 | D:4      | Reached XP level 6. HP: 36/51 MP: 0/10
  3031 | D:4      | Reached skill level 6 in Necromancy
  3058 | D:4      | Found a shattered altar of Ashenzari.
  3328 | D:4      | Noticed Ijyb
  3335 | D:4      | Killed Ijyb
  3713 | D:4      | Reached XP level 7. HP: 40/58 MP: 4/11
  3846 | D:5      | Entered Level 5 of the Dungeon
  3923 | D:5      | Found a white marble altar of Elyvilon.
  4270 | D:5      | Found a sand-covered staircase.
  4276 | Ossuary  | Entered an ossuary
  4566 | D:5      | Reached skill level 7 in Necromancy
  4598 | D:5      | Found a sacrificial altar of Ru.
  4613 | D:5      | Became a worshipper of Ru the Awakened
  4631 | D:6      | Noticed Grinder
  4798 | D:6      | Paralysed by Grinder for 6 turns
  5170 | D:6      | Found a hide-covered altar of Uskayaw.
  5170 | D:6      | Noticed a +0 dagger
  5170 | D:6      | Noticed a +0 dagger
  5170 | D:6      | Noticed Edmund
  5178 | D:6      | Mangled by Edmund

Levels and vault maps discovered:
D:1:      lemuel_arrival_broad_hall, layout_rooms
D:2:      layout_basic, xom_teletrap_fun, cheibriados_altar_1, first_ration,
          minmay_pentomino_u2
D:3:      layout_rooms, fedhas_altar_2, nemelex_xobeh_ov_fountains_minmay,
          serial_park_tiny_pond
D:4:      cheibrodos_old_hovel, layout_gridville, evilmike_ruin_ashenzari,
          uniq_ijyb
D:5:      layout_loops_cross, kennysheep_little_box, nicolae_ossuary_entry_plus,
          elyvilon_altar_5
D:6:      layout_cave_pools, dancing_weapons_uskayaw,
          nicolae_temple_entry_ecumenical, corexii_leaking_fountain,
          uniq_edmund, uniq_grinder, uniq_crazy_yiuf_cottage

Skill      XL: |  1  2  3  4  5  6  7 |
---------------+----------------------+-----
Spellcasting   | 2 3 4 |  4.1
Necromancy     | 5 6 7 |  7.3
Armour         | 1 2 3 |  3.0
Maces & Flails | 1 2 |  2.0
Fighting       | 1 2 |  2.0
Dodging        | 3 |  3.4
Stealth        | |  2.4

Action                   |  1- 3 |  4- 6 |  7- 9 || total
-------------------------+-------+-------+-------++-------
Melee: Unarmed           |     1 |       |       ||     1
       Spear             |    14 |       |       ||    14
       Mace              |    58 |    62 |    66 ||   186
Throw: Boomerang         |       |       |     1 ||     1
 Cast: Pain              |    56 |    57 |     5 ||   118
       Animate Skeleton  |     1 |     6 |     2 ||     9
       Vampiric Draining |    10 |    17 |    31 ||    58
       Animate Dead      |       |       |     4 ||     4
 Abil: Heal Wounds       |       |     2 |       ||     2
  Use: Scroll            |     3 |     3 |     2 ||     8
 Stab: Sleeping          |       |       |     1 ||     1
  Eat: Chunk             |     4 |    10 |     7 ||    21
Armor: Robe              |    18 |       |       ||    18
       Leather armour    |    43 |    32 |    44 ||   119
Dodge: Dodged            |   146 |    92 |    99 ||   337
